 Dungeon Crawl Stone Soup version 0.30-a0-354-g6b83867211 (webtiles) character file.

Game seed: 8067149052837731423

24196 nago the Spear-Bearer (level 13, 101/101 HPs)
             Began as a Gnoll Reaver on Nov 7, 2022.
             Was an Initiate of Gozag.
             Quit the game on level 14 of the Dungeon.
             The game lasted 00:27:10 (20413 turns).

nago the Spear-Bearer (Gnoll Reaver)               Turns: 20413, Time: 00:27:11

Health: 101/101    AC: 11    Str: 19    XL:     13   Next: 11%
Magic:  22/26      EV: 17    Int: 17    God:    Gozag
Gold:   883        SH:  5    Dex: 15    Spells: 20/31 levels left

rFire   . . .      SeeInvis .    b - +0 dagger (venom)
rCold   . . .      Faith    .    (no shield)
rNeg    . . .      Spirit   .    C - +0 steam dragon scales
rPois   +          Reflect  +    (no helmet)
rElec   .          Harm     .    i - +0 cloak
rCorr   .          Rampage  .    I - +1 pair of gloves of Nowemobi {Dex+5}
Will    .....                    h - +0 pair of boots
Stlth   ++++......               j - amulet of reflection
HPRegen 0.36/turn                o - +6 ring of strength {=R}
MPRegen 0.20/turn                p - ring of poison resistance

@: gold aura
A: fangs 1, strong nose, distributed training
a: Renounce Religion, Potion Petition, Call Merchant, Bribe Branch


You were on level 14 of the Dungeon.
You worshipped Gozag.
Gozag was pleased with you.
You visited 3 branches of the dungeon, and saw 16 of its levels.
You also visited: Bailey.

You collected 2326 gold pieces.
You spent 439 gold pieces at shops.
You paid 1004 gold pieces to Gozag.


Innate Abilities, Weirdness & Mutations

You have very sharp teeth.
Your uncanny sense of smell can sniff out nearby items.
Your experience applies equally to all skills.


   Skills:
 + Level 9.5 Fighting
 + Level 8.3 Short Blades
 + Level 8.3 Long Blades
 + Level 8.3 Axes
 + Level 8.3 Maces & Flails
 + Level 10.6 Polearms
 + Level 8.3 Staves
 + Level 8.3 Ranged Weapons
 + Level 8.3 Throwing
 + Level 8.3 Armour
 + Level 9.5 Dodging
 + Level 8.3 Stealth
 + Level 8.3 Shields
 + Level 8.3 Unarmed Combat
 + Level 9.7 Spellcasting
 + Level 8.9 Conjurations
 + Level 6.9 Hexes
 + Level 6.9 Summonings
 + Level 6.9 Necromancy
 + Level 6.9 Translocations
 + Level 6.9 Transmutations
 + Level 6.9 Fire Magic
 + Level 6.9 Ice Magic
 + Level 6.9 Air Magic
 + Level 6.9 Earth Magic
 + Level 6.9 Poison Magic
 + Level 9.1 Invocations
 + Level 8.3 Evocations


You had 20 spell levels left.
You knew the following spells:

 Your Spells              Type           Power      Damage    Failure   Level
c - Petrify               Tmut/Erth      31%        N/A       4%          4
d - Tukima's Dance        Hex            31%        N/A       1%          3
x - Hailstorm             Conj/Ice       35%        3d9       1%          3
X - Kiss of Death         Conj/Necr      100%       2d13      1%          1

Your spell library contained the following spells:

 Spells                   Type           Power      Damage    Failure   Level
 Necrotise                Necr           100%       1d9       1%          1
 Momentum Strike          Conj/Tloc      70%        3d9       1%          2
 Sublimation of Blood     Necr           31%        N/A       1%          2
 Portal Projectile        Hex/Tloc       62%        N/A       1%          3
 Vampiric Draining        Necr           31%        2d8       1%          3
 Passage of Golubria      Tloc           31%        N/A       4%          4
 Summon Ice Beast         Ice/Summ       31%        N/A       4%          4
 Irradiate                Conj/Tmut      17%        3d17      10%         5
 Agony                    Necr           31%        N/A       14%         5
 Blade Hands              Tmut           15%        N/A       14%         5
 Metabolic Englaciation   Hex/Ice        15%        N/A       14%         5
 Summon Mana Viper        Hex/Summ       31%        N/A       14%         5
 Yara's Violent Unravell  Hex/Tmut       15%        3d8       14%         5
 Statue Form              Tmut/Erth      20%        N/A       61%         6
 Monstrous Menagerie      Summ           15%        N/A       99%         7

Inventory:

Hand Weapons
 a - a +0 demon trident
 b - a +0 dagger of venom (weapon)
 A - a +4 scimitar
Missiles
 s - 9 boomerangs
 y - 9 javelins
Armour
 h - a +0 pair of boots (worn)
 i - a +0 cloak (worn)
 C - +0 steam dragon scales (worn)
 I - the +1 pair of gloves of Nowemobi (worn) {Dex+5}
   (You found it on level 11 of the Dungeon)

   Dex:       It affects your dexterity (+5).
Magical Staves
 E - a staff of air
Jewellery
 j - an amulet of reflection (around neck)
 l - a ring of see invisible
 o - a +6 ring of strength (left hand) {=R}
 p - a ring of poison resistance (right hand)
 G - an amulet of guardian spirit
 L - a ring of flight
 N - a ring of positive energy
Wands
 m - a wand of flame (18)
 t - a wand of polymorph (8)
 D - a wand of digging (4)
 F - a wand of charming (9)
 J - a wand of roots (11)
Scrolls
 f - 4 scrolls of enchant weapon
 g - 7 scrolls of butterflies
 k - a scroll of immolation
 v - 2 scrolls of vulnerability
 x - 6 scrolls of poison
 B - a scroll of brand weapon
 T - 4 scrolls of teleportation {@r4}
Potions
 c - 6 potions of curing {@q1}
 d - a potion of invisibility {unknown}
 e - a potion of lignification
 n - a potion of ambrosia
 q - 5 potions of attraction
 r - a potion of experience {unknown}
 u - 2 potions of flight
 w - 2 potions of mutation
 z - 2 potions of brilliance
 H - 4 potions of haste {@q3}
 M - 4 potions of might
 Q - 2 potions of cancellation
Miscellaneous
 P - a phial of floods

Dungeon Overview and Level Annotations

Branches:
Dungeon (14/15)            Temple (1/1) D:7            Lair (1/5) D:9
    Orc (0/2) D:11         Bailey (visited)
 Vaults: D:13-14

Altars:
Ashenzari
Cheibriados
Dithmenos
Elyvilon
Fedhas
Gozag
Hepliaklqana
Kikubaaqudgha
Makhleb
Nemelex Xobeh
Okawaru
Qazlal
Ru
Sif Muna
Trog
Uskayaw
Vehumet
Wu Jian
Xom
Yredelemnul
Zin
The Shining One

Shops:
D:6 !   D:9 :   Lair:1 (

Annotations:
D:3 1 runed translucent door, Crazy Yiuf
D:4 2 runed translucent doors, Tenar's ghost, amateur BaEE
D:8 4 transporters
D:12 2 transporters, Nitwommif's ghost, journeyman DsBe
D:13 exclusion: fire dragon
D:14 Rupert

#...# #................
##..###.................
#...##.................
#...#>.................
##..#...............##.
######## #............
#......###............
##.......###...........
##.........##.>.@...###
#...........##..#####
#............#..#
#...............##
#........).......##
#.................##
#............####..###
#............#
##....####
##..........##
#........#


There were no monsters in sight!


Message History

The centaur warrior wields a +0 longbow.
The centaur warrior shoots an arrow.
The arrow hits you.
The centaur warrior shoots an arrow.
You reflect the arrow off an invisible shield around you!
The arrow hits the centaur warrior!
The centaur warrior shoots an arrow.
The arrow closely misses you.
The centaur warrior stops moving altogether!
The helpless centaur warrior fails to defend itself.
You stick the centaur warrior like a pincushion!!!
The centaur warrior is poisoned.
You punch the centaur warrior.
The centaur warrior is severely wounded.
The helpless centaur warrior fails to defend itself.
You spit the centaur warrior like a pig!!!
You kill the centaur warrior!
No target in view!
You now have 871 gold pieces (gained 17).
Things that are here:
a +0 longbow; a +0 falchion You now have 876 gold pieces (gained 5).
You now have 883 gold pieces (gained 7). 2 centaurs and 2 purple ugly things come into view.
The purple ugly thing moves out of view. 2 centaurs come into view.
Saving game... please wait.
Level annotation: Rupert Bad channel name for runrest: 'pray:' Welcome back, nago the Gnoll Reaver.
Gozag says: Greed is good.
Press ? for a list of commands and other information.
Are you sure you want to abandon this character and quit the game? (Confirm with "yes".)

Skill      XL: |  1  2  3  4  5  6  7  8  9 10 11 12 13 |
---------------+----------------------------------------+-----
Spellcasting   | 5 6 7 8 9 |  9.7
Invocations    | 1 2 3 4 5 6 7 8 9 |  9.1
Short Blades   | 1 2 3 5 6 7 8 |  8.3
Long Blades    | 1 2 3 5 6 7 8 |  8.3
Axes           | 1 2 3 5 6 7 8 |  8.3
Maces & Flails | 1 2 3 5 6 7 8 |  8.3
Staves         | 1 2 3 5 6 7 8 |  8.3
Ranged Weapons | 1 2 3 5 6 7 8 |  8.3
Throwing       | 1 2 3 5 6 7 8 |  8.3
Armour         | 1 2 3 5 6 7 8 |  8.3
Stealth        | 1 2 3 5 6 7 8 |  8.3
Shields        | 1 2 3 5 6 7 8 |  8.3
Unarmed Combat | 1 2 3 5 6 7 8 |  8.3
Evocations     | 1 2 3 5 6 7 8 |  8.3
Hexes          | 1 2 3 4 5 6 |  6.9
Summonings     | 1 2 3 4 5 6 |  6.9
Necromancy     | 1 2 3 4 5 6 |  6.9
Translocations | 1 2 3 4 5 6 |  6.9
Transmutations | 1 2 3 4 5 6 |  6.9
Fire Magic     | 1 2 3 4 5 6 |  6.9
Ice Magic      | 1 2 3 4 5 6 |  6.9
Air Magic      | 1 2 3 4 5 6 |  6.9
Earth Magic    | 1 2 3 4 5 6 |  6.9
Poison Magic   | 1 2 3 4 5 6 |  6.9
Fighting       | 5 6 7 8 9 |  9.5
Dodging        | 5 6 7 8 9 |  9.5
Polearms       | 7 8 9 10 | 10.6
Conjurations   | 6 7 8 |  8.9

Action                   |  1- 3 |  4- 6 |  7- 9 | 10-12 | 13-15 || total
-------------------------+-------+-------+-------+-------+-------++-------
Melee: Spear             |   128 |    87 |       |       |       ||   215
       Bite              |    11 |    11 |    23 |    90 |     5 ||   140
       Punch             |     1 |     1 |     4 |    23 |     3 ||    32
       Hand axe          |       |    22 |    24 |       |       ||    46
       Demon trident     |       |       |   298 |   245 |    13 ||   556
       Dagger            |       |       |       |   251 |    15 ||   266
 Cast: Tukima's Dance    |       |     2 |     5 |     7 |       ||    14
       Hailstorm         |       |    16 |    58 |    85 |       ||   159
       Kiss of Death     |       |       |     8 |     2 |       ||    10
       Petrify           |       |       |     3 |   123 |     8 ||   134
Invok: Potion Petition   |       |       |       |     1 |       ||     1
       Call Merchant     |       |       |       |     1 |       ||     1
Evoke: Wand              |       |       |       |     1 |       ||     1
  Use: Scroll            |     6 |     3 |     7 |    10 |       ||    26
       Potion            |       |       |     3 |     2 |       ||     5
 Stab: Sleeping          |     3 |       |     3 |     3 |       ||     9
       Fleeing           |       |       |     1 |     1 |       ||     2
       Petrified         |       |       |       |    91 |     8 ||    99
       Petrifying        |       |       |       |    22 |     4 ||    26
       Distracted        |       |       |       |       |     1 ||     1
Armor: Leather armour    |    15 |    17 |    39 |     4 |       ||    75
       Steam dragon scal |       |       |       |   119 |    10 ||   129
Dodge: Dodged            |    35 |    70 |   122 |   343 |    36 ||   606
Block: Other             |       |       |    56 |   118 |     4 ||   178
       Reflection        |       |       |       |     5 |     1 ||     6

Levels and vault maps discovered:
D:1:      pf_arrival_petrified_forest, layout_rooms, basic_ecumenical_altar,
          minmay_misc_feat_cross
D:2:      layout_basic, minmay_bisected
D:3:      minmay_inner_zag, layout_rooms, trog_butcher_becter,
          amcnicky_altar_gilded, uniq_sigmund, uniq_crazy_yiuf_cottage
D:4:      layout_basic, lemuel_tele_altar, ebering_ghost_sewer_f
D:5:      layout_loops_corners, tso_oasis_becter,
          mainiacjoe_overflow_cross_hatched
D:6:      layout_loops_ring, serial_shops, nicolae_shop_behind_doors,
          nicolae_eternal_life, nicolae_kite_square_tiling_tiny
D:7:      layout_basic, mainiacjoe_overflow_divided_tiny,
          nicolae_overflow_hidden_temple, minmay_temple_entry_waves,
          enter_bailey_5, grunt_decor_clamped
D:8:      layout_rooms, nicolae_diode_intersection
D:9:      layout_roguey, lair_entry_dummy, nicolae_shop_vocational, uniq_maggie
D:10:     layout_cave_pools, lemuel_flame_loot_1
D:11:     layout_irregular_city, zombieorc2_lemuel
D:12:     layout_cave_pods, gammafunk_ghost_abyssal_escape
D:13:     layout_basic, serial_bayou_ford_a, kb_rosetta
D:14:     layout_cave_pods, david_vaults_3
Temple:   nicolae_temple_bog_church
Lair:1:   layout_regular_city, basic_altar, minivault_25, columned_hall_lemuel,
          uniq_urug, uniq_harold, uniq_nergalle

Notes
Turn   | Place    | Note
-------+----------+-------------------------------------------
     0 | D:1      | nago the Gnoll Reaver began the quest for the Orb.
     0 | D:1      | Reached XP level 1. HP: 20/20 MP: 6/6
   224 | D:1      | Reached XP level 2. HP: 24/26 MP: 7/7
   336 | D:1      | Found a faded altar of an unknown god.
   469 | D:1      | You fall into a shaft and drop 1 floor!
   832 | D:2      | Reached skill level 5 in Spellcasting
   832 | D:2      | Reached XP level 3. HP: 31/31 MP: 7/9
   836 | D:2      | Learned a level 3 spell: Hailstorm
   888 | D:2      | Reached skill level 1 in Invocations
  1224 | D:3      | Reached skill level 1 in Short Blades
  1224 | D:3      | Reached skill level 1 in Long Blades
  1224 | D:3      | Reached skill level 1 in Axes
  1224 | D:3      | Reached skill level 1 in Maces & Flails
  1224 | D:3      | Reached skill level 1 in Staves
  1224 | D:3      | Reached skill level 1 in Ranged Weapons
  1224 | D:3      | Reached skill level 1 in Throwing
  1224 | D:3      | Reached skill level 1 in Armour
  1224 | D:3      | Reached skill level 1 in Stealth
  1224 | D:3      | Reached skill level 1 in Shields
  1224 | D:3      | Reached skill level 1 in Unarmed Combat
  1224 | D:3      | Reached skill level 1 in Evocations
  1336 | D:3      | Found a bloodstained altar of Trog.
  1411 | D:3      | Reached XP level 4. HP: 38/38 MP: 11/11
  1415 | D:3      | Learned a level 3 spell: Tukima's Dance
  1503 | D:3      | Found a sparkling altar of Nemelex Xobeh.
  1516 | D:3      | Noticed Sigmund
  1905 | D:3      | Killed Sigmund
  1906 | D:3      | Reached skill level 1 in Hexes
  1906 | D:3      | Reached skill level 1 in Summonings
  1906 | D:3      | Reached skill level 1 in Necromancy
  1906 | D:3      | Reached skill level 1 in Translocations
  1906 | D:3      | Reached skill level 1 in Transmutations
  1906 | D:3      | Reached skill level 1 in Fire Magic
  1906 | D:3      | Reached skill level 1 in Ice Magic
  1906 | D:3      | Reached skill level 1 in Air Magic
  1906 | D:3      | Reached skill level 1 in Earth Magic
  1906 | D:3      | Reached skill level 1 in Poison Magic
  1906 | D:3      | Reached skill level 2 in Invocations
  1906 | D:3      | Reached XP level 5. HP: 41/43 MP: 5/12
  1906 | D:3      | Reached XP level 6. HP: 48/50 MP: 5/13
  2368 | D:3      | Found a runed translucent door.
  2369 | D:3      | Noticed Crazy Yiuf
  2589 | D:4      | Found a runed translucent door.
  2603 | D:4      | Noticed Tenar's ghost (amateur BaEE)
  2623 | D:4      | Reached skill level 5 in Fighting
  2623 | D:4      | Reached skill level 5 in Dodging
  2685 | D:4      | Found a radiant altar of Vehumet.
  2700 | D:4      | Reached skill level 2 in Short Blades
  2700 | D:4      | Reached skill level 2 in Long Blades
  2700 | D:4      | Reached skill level 2 in Axes
  2700 | D:4      | Reached skill level 2 in Maces & Flails
  2700 | D:4      | Reached skill level 2 in Staves
  2700 | D:4      | Reached skill level 2 in Ranged Weapons
  2700 | D:4      | Reached skill level 2 in Throwing
  2700 | D:4      | Reached skill level 2 in Armour
  2700 | D:4      | Reached skill level 2 in Stealth
  2700 | D:4      | Reached skill level 2 in Shields
  2700 | D:4      | Reached skill level 2 in Unarmed Combat
  2700 | D:4      | Reached skill level 2 in Evocations
  3142 | D:4      | Found a runed translucent door.
  3678 | D:5      | Entered Level 5 of the Dungeon
  4074 | D:5      | Found a glowing golden altar of the Shining One.
  4161 | D:5      | Reached skill level 7 in Polearms
  4161 | D:5      | Reached skill level 2 in Hexes
  4161 | D:5      | Reached skill level 2 in Summonings
  4161 | D:5      | Reached skill level 2 in Necromancy
  4161 | D:5      | Reached skill level 2 in Translocations
  4161 | D:5      | Reached skill level 2 in Transmutations
  4161 | D:5      | Reached skill level 2 in Fire Magic
  4161 | D:5      | Reached skill level 2 in Ice Magic
  4161 | D:5      | Reached skill level 2 in Air Magic
  4161 | D:5      | Reached skill level 2 in Earth Magic
  4161 | D:5      | Reached skill level 2 in Poison Magic
  4161 | D:5      | Reached XP level 7. HP: 51/56 MP: 9/15
  4506 | D:5      | Found a broken altar of Ashenzari.
  4807 | D:5      | Reached skill level 3 in Invocations
  4998 | D:6      | Reached skill level 6 in Conjurations
  5026 | D:6      | Reached skill level 3 in Short Blades
  5026 | D:6      | Reached skill level 3 in Long Blades
  5026 | D:6      | Reached skill level 3 in Axes
  5026 | D:6      | Reached skill level 3 in Maces & Flails
  5026 | D:6      | Reached skill level 3 in Staves
  5026 | D:6      | Reached skill level 3 in Ranged Weapons
  5026 | D:6      | Reached skill level 3 in Throwing
  5026 | D:6      | Reached skill level 3 in Armour
  5026 | D:6      | Reached skill level 3 in Stealth
  5026 | D:6      | Reached skill level 3 in Shields
  5026 | D:6      | Reached skill level 3 in Unarmed Combat
  5026 | D:6      | Reached skill level 3 in Evocations
  5026 | D:6      | Reached XP level 8. HP: 14/53 MP: 9/16
  5319 | D:6      | Reached skill level 6 in Spellcasting
  5665 | D:6      | Reached skill level 4 in Invocations
  5672 | D:6      | Reached skill level 3 in Hexes
  5672 | D:6      | Reached skill level 3 in Summonings
  5672 | D:6      | Reached skill level 3 in Necromancy
  5672 | D:6      | Reached skill level 3 in Translocations
  5672 | D:6      | Reached skill level 3 in Transmutations
  5672 | D:6      | Reached skill level 3 in Fire Magic
  5672 | D:6      | Reached skill level 3 in Ice Magic
  5672 | D:6      | Reached skill level 3 in Air Magic
  5672 | D:6      | Reached skill level 3 in Earth Magic
  5672 | D:6      | Reached skill level 3 in Poison Magic
  5734 | D:6      | Reached skill level 6 in Fighting
  5734 | D:6      | Reached skill level 6 in Dodging
  6030 | D:6      | Reached XP level 9. HP: 61/64 MP: 14/18
  6122 | D:6      | Found Dejynwiu's Distillery.
  6125 | D:6      | Bought a potion of heal wounds for 60 gold pieces
  6257 | D:6      | Reached skill level 4 in Short Blades
  6257 | D:6      | Reached skill level 4 in Long Blades
  6257 | D:6      | Reached skill level 4 in Axes
  6257 | D:6      | Reached skill level 4 in Maces & Flails
  6257 | D:6      | Reached skill level 4 in Staves
  6257 | D:6      | Reached skill level 4 in Ranged Weapons
  6257 | D:6      | Reached skill level 4 in Throwing
  6257 | D:6      | Reached skill level 4 in Armour
  6257 | D:6      | Reached skill level 4 in Stealth
  6257 | D:6      | Reached skill level 4 in Shields
  6257 | D:6      | Reached skill level 4 in Unarmed Combat
  6257 | D:6      | Reached skill level 4 in Evocations
  7357 | D:7      | Found a staircase to the Ecumenical Temple.
  7392 | D:7      | Found a flagged portal.
  7418 | Bailey   | Entered a bailey
  7459 | Bailey   | HP: 3/59 [kobold brigand/+0 war axe (13)]
  7505 | Bailey   | HP: 2/61 [orc warrior/+0 broad axe (20)]
  7763 | Temple   | Entered the Ecumenical Temple
  8089 | D:7      | Found an opulent altar of Gozag.
  8093 | D:7      | Found a hazy altar of Hepliaklqana.
  8301 | D:7      | Found an iron altar of Okawaru.
  8302 | D:7      | Found a shadowy altar of Dithmenos.
  8464 | D:7      | Found a sacrificial altar of Ru.
  8464 | D:7      | Found a blossoming altar of Fedhas.
  8525 | D:8      | Reached skill level 8 in Polearms
  8671 | D:8      | HP: 2/62 [steam dragon (6)]
  8674 | D:8      | Reached skill level 5 in Invocations
  8888 | D:7      | Found a basalt altar of Yredelemnul.
  8903 | D:7      | Became a worshipper of Gozag Ym Sagoz the Greedy
  9033 | D:8      | Found a transporter.
  9045 | D:8      | Found a transporter.
  9062 | D:8      | Learned a level 4 spell: Petrify
  9617 | D:8      | Found a transporter.
  9711 | D:8      | Found a transporter.
  9827 | D:8      | Reached skill level 7 in Spellcasting
  9923 | D:9      | Reached skill level 4 in Hexes
  9923 | D:9      | Reached skill level 4 in Summonings
  9923 | D:9      | Reached skill level 4 in Necromancy
  9923 | D:9      | Reached skill level 4 in Translocations
  9923 | D:9      | Reached skill level 4 in Transmutations
  9923 | D:9      | Reached skill level 4 in Fire Magic
  9923 | D:9      | Reached skill level 4 in Ice Magic
  9923 | D:9      | Reached skill level 4 in Air Magic
  9923 | D:9      | Reached skill level 4 in Earth Magic
  9923 | D:9      | Reached skill level 4 in Poison Magic
 10076 | D:9      | Found Womnum's Vocational Training.
 10101 | D:9      | Found a staircase to the Lair.
 10351 | D:8      | Reached skill level 5 in Short Blades
 10351 | D:8      | Reached skill level 5 in Long Blades
 10351 | D:8      | Reached skill level 5 in Axes
 10351 | D:8      | Reached skill level 5 in Maces & Flails
 10351 | D:8      | Reached skill level 5 in Staves
 10351 | D:8      | Reached skill level 5 in Ranged Weapons
 10351 | D:8      | Reached skill level 5 in Throwing
 10351 | D:8      | Reached skill level 5 in Armour
 10351 | D:8      | Reached skill level 5 in Stealth
 10351 | D:8      | Reached skill level 5 in Shields
 10351 | D:8      | Reached skill level 5 in Unarmed Combat
 10351 | D:8      | Reached skill level 5 in Evocations
 10351 | D:8      | Reached XP level 10. HP: 53/73 MP: 3/20
 10595 | D:9      | Reached skill level 7 in Conjurations
 10853 | D:9      | Reached skill level 7 in Fighting
 10853 | D:9      | Reached skill level 7 in Dodging
 11095 | D:9      | Noticed Maggie
 11109 | D:9      | Killed Maggie
 11110 | D:9      | Reached skill level 6 in Invocations
 11852 | Lair:1   | Entered Level 1 of the Lair of Beasts
 11861 | D:10     | Entered Level 10 of the Dungeon
 12047 | D:10     | Reached skill level 6 in Short Blades
 12047 | D:10     | Reached skill level 6 in Long Blades
 12047 | D:10     | Reached skill level 6 in Axes
 12047 | D:10     | Reached skill level 6 in Maces & Flails
 12047 | D:10     | Reached skill level 9 in Polearms
 12047 | D:10     | Reached skill level 6 in Staves
 12047 | D:10     | Reached skill level 6 in Ranged Weapons
 12047 | D:10     | Reached skill level 6 in Throwing
 12047 | D:10     | Reached skill level 6 in Armour
 12047 | D:10     | Reached skill level 6 in Stealth
 12047 | D:10     | Reached skill level 6 in Shields
 12047 | D:10     | Reached skill level 6 in Unarmed Combat
 12047 | D:10     | Reached skill level 6 in Evocations
 12134 | D:10     | Reached skill level 5 in Hexes
 12134 | D:10     | Reached skill level 5 in Summonings
 12134 | D:10     | Reached skill level 5 in Necromancy
 12134 | D:10     | Reached skill level 5 in Translocations
 12134 | D:10     | Reached skill level 5 in Transmutations
 12134 | D:10     | Reached skill level 5 in Fire Magic
 12134 | D:10     | Reached skill level 5 in Ice Magic
 12134 | D:10     | Reached skill level 5 in Air Magic
 12134 | D:10     | Reached skill level 5 in Earth Magic
 12134 | D:10     | Reached skill level 5 in Poison Magic
 12146 | D:10     | Reached XP level 11. HP: 21/63 MP: 19/22
 12330 | D:10     | Reached skill level 8 in Spellcasting
 13054 | D:11     | Found a staircase to the Orcish Mines.
 13056 | D:11     | Noticed a two-headed ogre
 13172 | D:11     | Noticed a manticore
 13182 | D:11     | HP: 1/77 [manticore/volley of spikes (23)]
 13195 | D:10     | Killed a manticore
 13586 | D:11     | Noticed a manticore
 13748 | D:11     | Killed a manticore
 13749 | D:11     | Reached skill level 7 in Invocations
 13953 | D:11     | Reached skill level 8 in Fighting
 13953 | D:11     | Reached skill level 8 in Dodging
 14063 | D:11     | Killed a two-headed ogre
 15222 | D:11     | Noticed a cyclops
 15286 | D:11     | Killed a cyclops
 15452 | D:11     | Noticed a manticore
 15463 | D:11     | Killed a manticore
 15683 | D:11     | Reached skill level 8 in Conjurations
 15808 | D:11     | Identified the +1 pair of gloves of Nowemobi {Dex+5}
 15989 | Lair:1   | Bought a twisted great sword for 379 gold pieces
 15989 | Lair:1   | Identified the +2 great sword of Vubeaff {venom, rF+} (You
                  | bought it in a shop on level 1 of the Lair of Beasts)
 16033 | D:12     | Found a transporter.
 16152 | D:12     | Noticed a boulder beetle
 16158 | D:12     | Noticed a manticore
 16165 | D:12     | Killed a boulder beetle
 16200 | D:12     | Noticed a skeletal warrior
 16218 | D:12     | Killed a manticore
 16219 | D:12     | Reached skill level 7 in Short Blades
 16219 | D:12     | Reached skill level 7 in Long Blades
 16219 | D:12     | Reached skill level 7 in Axes
 16219 | D:12     | Reached skill level 7 in Maces & Flails
 16219 | D:12     | Reached skill level 7 in Staves
 16219 | D:12     | Reached skill level 7 in Ranged Weapons
 16219 | D:12     | Reached skill level 7 in Throwing
 16219 | D:12     | Reached skill level 7 in Armour
 16219 | D:12     | Reached skill level 7 in Stealth
 16219 | D:12     | Reached skill level 7 in Shields
 16219 | D:12     | Reached skill level 7 in Unarmed Combat
 16219 | D:12     | Reached skill level 7 in Evocations
 16320 | D:12     | Noticed a thrashing horror
 16321 | D:12     | Noticed a hell hog
 16322 | D:12     | Noticed a great orb of eyes
 16322 | D:12     | Noticed a skeletal warrior
 16337 | D:12     | Noticed a wretched star
 16467 | D:12     | Noticed a skeletal warrior
 16552 | D:12     | Noticed a skeletal warrior
 16626 | D:11     | Reached XP level 12. HP: 52/94 MP: 22/24
 16864 | D:12     | Reached skill level 6 in Hexes
 16864 | D:12     | Reached skill level 6 in Summonings
 16864 | D:12     | Reached skill level 6 in Necromancy
 16864 | D:12     | Reached skill level 6 in Translocations
 16864 | D:12     | Reached skill level 6 in Transmutations
 16864 | D:12     | Reached skill level 6 in Fire Magic
 16864 | D:12     | Reached skill level 6 in Ice Magic
 16864 | D:12     | Reached skill level 6 in Air Magic
 16864 | D:12     | Reached skill level 6 in Earth Magic
 16864 | D:12     | Reached skill level 6 in Poison Magic
 17123 | D:12     | Found a transporter.
 17124 | D:12     | Noticed Nitwommif's ghost (journeyman DsBe)
 17209 | D:12     | Reached skill level 8 in Invocations
 17703 | D:13     | Noticed a boulder beetle
 17727 | D:13     | Killed a boulder beetle
 17728 | D:13     | Reached skill level 9 in Spellcasting
 17857 | D:13     | Noticed a centaur warrior
 17869 | D:13     | Killed a centaur warrior
 17870 | D:13     | Reached skill level 10 in Polearms
 18539 | D:13     | Noticed a two-headed ogre
 18549 | D:13     | Killed a two-headed ogre
 18550 | D:13     | Reached skill level 9 in Fighting
 18550 | D:13     | Reached skill level 9 in Dodging
 18862 | D:13     | Noticed a fire dragon
 18884 | D:13     | Noticed a centaur warrior
 18900 | D:13     | Killed a centaur warrior
 19702 | D:14     | Noticed a boulder beetle
 19716 | D:14     | Killed a boulder beetle
 19800 | D:14     | Noticed a five-headed hydra
 19811 | D:14     | Killed a five-headed hydra
 19866 | D:14     | Noticed a centaur warrior
 19869 | D:14     | Noticed Nessos
 20015 | D:14     | Noticed a centaur warrior
 20055 | D:14     | Killed Nessos
 20056 | D:14     | Reached skill level 8 in Short Blades
 20056 | D:14     | Reached skill level 8 in Long Blades
 20056 | D:14     | Reached skill level 8 in Axes
 20056 | D:14     | Reached skill level 8 in Maces & Flails
 20056 | D:14     | Reached skill level 8 in Staves
 20056 | D:14     | Reached skill level 8 in Ranged Weapons
 20056 | D:14     | Reached skill level 8 in Throwing
 20056 | D:14     | Reached skill level 8 in Armour
 20056 | D:14     | Reached skill level 8 in Stealth
 20056 | D:14     | Reached skill level 8 in Shields
 20056 | D:14     | Reached skill level 8 in Unarmed Combat
 20056 | D:14     | Reached skill level 8 in Evocations
 20147 | D:14     | Killed a centaur warrior
 20148 | D:14     | Reached XP level 13. HP: 56/101 MP: 9/26
 20253 | D:14     | Reached skill level 9 in Invocations
 20310 | D:14     | Noticed Rupert
 20413 | D:14     | Quit the game

Vanquished Creatures
  Nessos (D:14)
  A hydra (D:14)
  2 two-headed ogres
  4 centaur warriors
  3 boulder beetles
  A deep elf pyromancer (D:13)
  5 manticores
  2 cyclopes
  An ugly thing (D:14)
  An unseen horror (D:12)
  3 yaktaurs (D:12)
  Maggie (D:9)
  2 hornets (D:9)
  4 trolls
  3 shadows
  A wraith (D:10)
  12 humans (D:14)
  2 wyverns
  6 steam dragons
  A basilisk (D:11)
  13 yaks
  14 vampire mosquitoes
  5 acid dragons
  3 sky beasts
  2 orc warriors
  An ogre (D:7)
  6 phantoms
  4 centaurs
  3 kobold brigands
  A gnoll sergeant (D:9)
  A bullfrog (D:5)
  3 necrophages
  A scorpion (D:5)
  6 wights
  10 killer bees
  2 troll zombies (D:11)
  A howler monkey (D:6)
  2 electric eels (D:13)
  A jelly (D:6)
  3 orc priests
  2 gnoll boudas
  2 hounds
  11 orc wizards
  5 ogre zombies (D:11)
  16 gnolls
  8 adders
  A white imp (D:2)
  3 worms
  2 dart slugs
  27 orcs
  5 ball pythons
  2 bats
  6 endoplasms
  10 goblins
  8 hobgoblins
  4 jackals (D:3)
  17 kobolds
  7 quokkas
  2 frilled lizards
  3 goblin skeletons (D:11)
  3 hobgoblin skeletons (D:11)
  3 hobgoblin zombies (D:11)
  2 orc skeletons (D:11)
  14 orc zombies (D:11)
  5 rats
306 creatures vanquished.

Vanquished Creatures (collateral kills)
  Sigmund (D:3)
  4 wights
5 creatures vanquished.

Vanquished Creatures (others)
  A dancing weapon (D:8)
  15 plants
16 creatures vanquished.

Grand Total: 327 creatures vanquished

Table legend: (Time is in decaauts)
 A = Elapsed time spent in this place.
 B = Non-inter-level travel time spent in this place.
 C = Inter-level travel time spent in this place.
 D = Time resting spent in this place.
 E = Time spent auto-exploring this place.
 F = Levels seen in this place.
 G = Mean time per level.
                   A        B        C        D        E       F      G
               +--------+--------+--------+--------+--------+-----+--------+
         Total |  20224 |  18764 |   1460 |    730 |  14638 |  17 | 1189.6 |
       Dungeon |  19934 |  18494 |   1440 |    707 |  14450 |  14 | 1423.9 |
        Temple |    203 |    186 |     17 |      0 |    176 |   1 |  203.0 |
          Lair |     10 |      7 |      3 |      0 |      0 |   1 |   10.0 |
        Bailey |     75 |     75 |      0 |     22 |     12 |   1 |   75.0 |
               +--------+--------+--------+--------+--------+-----+--------+

Top non-repeatable levels by time:
    D:11: 2672 daAuts
    D:13: 1985 daAuts
     D:8: 1763 daAuts
     D:9: 1730 daAuts
     D:6: 1485 daAuts
    D:10: 1434 daAuts
    D:12: 1396 daAuts
     D:5: 1376 daAuts
     D:3: 1298 daAuts
     D:2: 1181 daAuts
     D:4: 1175 daAuts
     D:7: 1143 daAuts
    D:14: 681 daAuts
     D:1: 609 daAuts
  Temple: 203 daAuts

Table legend:
 A = Non-vault XP
 B = Vault XP
 C = Vault XP percentage of total XP
 D = Non-vault monster count
 E = Vault monster count
 F = Vault count percentage of total count
                 A         B        C        D         E       F
            +---------+---------+-------+---------+---------+-------
      Total |   27246 |    7321 |  21.2 |     238 |      73 |  23.5
            +---------+---------+-------+---------+---------+-------
        D:1 |      20 |       0 |   0.0 |      10 |       0 |   0.0
        D:2 |      70 |       2 |   2.8 |      18 |       1 |   5.3
        D:3 |      30 |     240 |  88.9 |      14 |       9 |  39.1
        D:4 |      84 |       0 |   0.0 |      10 |       0 |   0.0
        D:5 |     581 |       0 |   0.0 |      20 |       0 |   0.0
        D:6 |    1439 |       0 |   0.0 |      31 |       0 |   0.0
        D:7 |     584 |       8 |   1.4 |       9 |       4 |  30.8
        D:8 |    1159 |       0 |   0.0 |      18 |       0 |   0.0
        D:9 |    3961 |     365 |   8.4 |      33 |       1 |   2.9
       D:10 |    2457 |       0 |   0.0 |      16 |       0 |   0.0
       D:11 |    4987 |     527 |   9.6 |      25 |      35 |  58.3
       D:12 |    4186 |       0 |   0.0 |      15 |       0 |   0.0
       D:13 |    4442 |    1964 |  30.7 |      13 |       3 |  18.8
       D:14 |    3246 |    4108 |  55.9 |       6 |      14 |  70.0
     Bailey |       0 |     107 | 100.0 |       0 |       6 | 100.0
            +---------+---------+-------+---------+---------+-------
